 Dungeon Crawl Stone Soup version 0.17-a0-1420-geb41feb (webtiles) character file.

3832 Lektor the Transmogrifier (level 9, 53/64 HPs)
             Began as a Black Draconian Transmuter on June 24, 2015.
             Was an Initiate of Makhleb.
             Quit the game on level 8 of the Dungeon.
             The game lasted 01:06:42 (9883 turns).

Lektor the Transmogrifier (DrTm)                    Turns: 9883, Time: 01:06:43

Health: 53/64      AC: 10    Str: 13    XL:     9   Next: 98%
Magic:  15/15      EV: 16    Int: 17    God:    Makhleb [......]
Gold:   566        SH:  0    Dex: 11    Spells: 4 memorised, 4 levels left

rFire  . . .     SeeInvis .       - Unarmed
rCold  . . .     Clarity  +     (armour unavailable)
rNeg   . . .     SustAt   +     (no shield)
rPois  .         Gourm    .     H - +1 hat
rElec  +         Spirit   .     d - +1 cloak
rCorr  .         Warding  .     (no gloves)
rMut   .         Stasis   .     (no boots)
MR     .....                    Q - amulet of clarity
Stlth  +.........               J - ring of sustain attributes
                                w - +5 ring of evasion

@: not resistant to hostile enchantments, very unstealthy
A: breathe lightning, unfitting armour, electricity resistance, cold-blooded, AC
+7
a: Breathe Lightning, Renounce Religion


You were on level 8 of the Dungeon.
You worshipped Makhleb.
Makhleb was noncommittal.
You were not hungry.

You visited 2 branches of the dungeon, and saw 10 of its levels.
You also visited: Ossuary.

You collected 566 gold pieces.

Inventory:

Hand weapons
 n - a +0 hunting sling
 B - a +0 blowgun
 F - a +3 antimagic dagger
 R - a +0 shortbow
Missiles
 a - 52 arrows
 e - a throwing net
 h - 206 stones
 o - 42 poisoned needles
 p - 2 tomahawks (quivered)
 q - 2 steel javelins
 r - 19 bolts of frost
 s - 62 sling bullets
 I - 2 needles of slowing
 M - 20 arrows of dispersal
 W - 5 javelins
Armour
 d - a +1 cloak (worn)
 H - a +1 hat (worn)
 O - the +0 buckler "Igiby" {-Tele rElec Dex+6}
   (You found it on level 7 of the Dungeon)

   It affects your dexterity (+6).
   It insulates you from electricity.
   It prevents most forms of teleportation.
Jewellery
 g - an uncursed amulet of warding
 w - a +5 ring of evasion (left hand)
 x - an uncursed ring of magical power
 y - a +1 ring of evasion
 J - a ring of sustain attributes (right hand)
 Q - an amulet of clarity (around neck)
Scrolls
 j - 4 scrolls of teleportation
 k - 13 scrolls of identify
 z - 4 scrolls of enchant armour
 E - 2 scrolls of immolation
 G - 3 scrolls of remove curse
 K - a scroll of blinking
 N - a scroll of amnesia
 P - 2 scrolls of fear {unknown}
 T - a scroll of holy word {unknown}
 V - a scroll of summoning {unknown}
Potions
 i - 2 potions of flight
 m - 7 potions of curing
 v - 5 potions of magic
 C - 3 potions of heal wounds
 D - 2 potions of brilliance
 L - a potion of cancellation {unknown}
Books
 b - a book of Changes

   Spells                             Type                      Level
   a - Beastly Appendage              Transmutation                1
   b - Sticks to Snakes               Transmutation                2
   c - Spider Form                    Transmutation/Poison         3
   d - Ice Form                       Ice/Transmutation            4
   e - Blade Hands                    Transmutation                5
 l - a book of Annihilations

   Spells                             Type                      Level
   a - Poison Arrow                   Conjuration/Poison           6
   b - Chain Lightning                Conjuration/Air              8
   c - Lehudib's Crystal Spear        Conjuration/Earth            8
   d - Glaciate                       Conjuration/Ice              9
   e - Fire Storm                     Conjuration/Fire             9
 U - a book of Maledictions

   Spells                             Type                      Level
   a - Corona                         Hexes                        1
   b - Ensorcelled Hibernation        Hexes/Ice                    2
   c - Confuse                        Hexes                        3
   d - Tukima's Dance                 Hexes                        3
   e - Dazzling Spray                 Conjuration/Hexes            3
Miscellaneous
 Z - a plain deck of changes {drawn: 1}
Comestibles
 c - 6 bread rations
 f - 7 chunks of flesh
 t - 2 meat rations
 X - a slice of pizza


   Skills:
 - Level 1.1(0.5) Fighting
 - Level 1.7(0.8) Dodging
 - Level 8.7(4.7) Unarmed Combat
 - Level 4.0(2.0) Spellcasting
 + Level 10.6(6.6) Transmutations
 - Level 2.4(1.2) Ice Magic
   Level 2.4(1.2) Poison Magic


You had 4 spell levels left.
You knew the following spells:

 Your Spells              Type           Power        Failure   Level  Hunger
a - Beastly Appendage     Trmt           ###...       1%          1    #......
b - Sticks to Snakes      Trmt           ###.......   1%          2    ###....
d - Ice Form              Ice/Trmt       ###.....     45%         4    #####..
e - Blade Hands           Trmt           ###.......   38%         5    ######.


Dungeon Overview and Level Annotations

Branches:
Dungeon (9/15)             Temple (1/1) D:7
   Lair: D:8-11         Orc: D:9-12

Altars:
Ashenzari
Cheibriados
Dithmenos
Elyvilon
Gozag
Kikubaaqudgha
Makhleb
Nemelex Xobeh
Okawaru
Qazlal
Ru
Sif Muna
Trog
Vehumet
Xom
Yredelemnul
Zin
The Shining One


Innate Abilities, Weirdness & Mutations

You can breathe wild blasts of lightning.
Your glossy black scales are hard (AC +7).
Your body does not fit into most forms of armour.
You are resistant to electric shocks.
You are cold-blooded and may be slowed by cold attacks.


Message History

Makhleb accepts your kill.
o - 42 poisoned needles (gained 1)
You feel sick.
You feel sick.
You see here a worker ant corpse.
You butcher the worker ant corpse.
f - 7 chunks of flesh (gained 2)
You feel sick.
You feel sick.
You feel sick.
You start resting.
You feel sick. x4
You are no longer poisoned.
You start resting.
Your transformation is almost over.
You start resting.
Your horns disappear.
Quiver which item? (- for none, * to show all) (? for menu, Esc to quit)
Okay, then.
Are you sure you want to abandon this character and quit the game? (Confirm with "yes".)

#.............#
####..........#..##
#.................#
#.###########.#..##
#.# #.#..# #.#
#.#..# #.#######
#.#...# #.......#
#.#...# #.#.@...#
#.##...#
#.#.###........
..... #.#.# ###.
..... #.#.# .....
#.#.. .#.#. #....
#.###


There were no monsters in sight!

Vanquished Creatures
  Sigmund (D:6)
  Eustachio (D:5)
  A hungry ghost (D:7)
  Menkaure (Ossuary)
  2 ice beasts
  A black bear (D:7)
  A phantom (D:4)
  2 necrophages
  6 ogres
  A sky beast (D:6)
  2 centaurs
  2 giant frogs
  A troll zombie (Ossuary)
  3 scorpions
  A water moccasin skeleton (D:7)
  3 electric eels (D:7)
  5 killer bees (D:5)
  A crimson imp (D:6)
  4 orc priests
  2 centaur zombies
  2 jellies
  A human zombie (Ossuary)
  3 iguanas
  7 orc wizards
  5 worker ants
  3 ogre zombies (Ossuary)
  A hound zombie (D:7)
  6 mummies (Ossuary)
  2 adders
  11 gnolls
  2 shadow imps (D:6)
  5 adder zombies (Ossuary)
  3 worms
  6 giant geckos
  29 orcs
  8 bats
  A bat skeleton (D:5)
  8 giant cockroaches
  13 goblins
  18 hobgoblins
  2 jackals (D:3)
  4 quokkas
  A ball python (D:6)
  A giant gecko zombie (D:5)
  5 giant newts
  6 goblin zombies (Ossuary)
  2 hobgoblin zombies (Ossuary)
  15 kobolds
  3 kobold zombies (Ossuary)
  5 quokka zombies (Ossuary)
  10 rats
  3 rat zombies (Ossuary)
232 creatures vanquished.

Vanquished Creatures (collateral kills)
  Grinder (D:4)
1 creature vanquished.

Grand Total: 233 creatures vanquished

Notes
Turn   | Place    | Note
--------------------------------------------------------------
     0 | D:1      | Lektor the Draconian Transmuter began the quest for the Orb.
     0 | D:1      | Reached XP level 1. HP: 16/16 MP: 3/3
   159 | D:1      | Reached XP level 2. HP: 23/23 MP: 3/5
   177 | D:1      | Learned a level 2 spell: Sticks to Snakes
   814 | D:2      | Reached skill level 4 in Unarmed Combat
   820 | D:2      | Reached XP level 3. HP: 28/28 MP: 4/6
  1266 | D:2      | Learned a level 3 spell: Spider Form
  1720 | D:3      | Reached XP level 4. HP: 27/35 MP: 1/7
  2259 | D:3      | Reached skill level 1 in Poison Magic
  2644 | D:3      | Reached XP level 5. HP: 9/40 MP: 1/8
  3056 | D:3      | Found a sparkling altar of Nemelex Xobeh.
  3589 | D:4      | Noticed an ogre
  3606 | D:4      | Killed an ogre
  3606 | D:4      | Reached skill level 5 in Transmutations
  3606 | D:4      | Reached XP level 6. HP: 47/47 MP: 9/9
  3943 | D:4      | Noticed a phantom
  3944 | D:4      | Noticed an ogre
  3953 | D:4      | Killed an ogre
  3986 | D:4      | Killed a phantom
  4060 | D:4      | Reached skill level 6 in Transmutations
  4060 | D:4      | Your scales start taking on a glossy black colour.
  4060 | D:4      | Gained mutation: You are resistant to electric shocks. [Black Draconian growth]
  4060 | D:4      | Reached XP level 7. HP: 50/52 MP: 9/11
  4160 | D:4      | Noticed Grinder
  4167 | D:4      | Paralysed by Grinder for 3 turns
  4191 | D:4      | Killed Grinder
  4198 | D:4      | Learned a level 4 spell: Ice Form
  4445 | D:4      | Found a sacrificial altar of Ru.
  4839 | D:5      | Entered Level 5 of the Dungeon
  4841 | D:5      | Noticed Eustachio
  4855 | D:5      | Killed Eustachio
  4855 | D:5      | Reached skill level 5 in Unarmed Combat
  4855 | D:5      | Reached skill level 1 in Ice Magic
  4879 | D:5      | Reached skill level 7 in Transmutations
  4906 | D:5      | Reached XP level 8. HP: 30/59 MP: 9/13
  5183 | D:5      | Found a sand-covered staircase.
  5194 | Ossuary  | Entered an ossuary
  5719 | Ossuary  | Learned a level 5 spell: Blade Hands
  5981 | Ossuary  | Noticed Menkaure
  5987 | Ossuary  | Killed Menkaure
  5987 | Ossuary  | Reached skill level 8 in Transmutations
  6974 | D:6      | Reached XP level 9. HP: 42/64 MP: 13/15
  6987 | D:6      | Noticed Sigmund
  7009 | D:6      | Killed Sigmund
  7009 | D:6      | Reached skill level 9 in Transmutations
  7649 | D:7      | Got a shimmering buckler
  7664 | D:7      | Identified the +0 buckler "Igiby" {-Tele rElec Dex+6} (You found it on level 7 of the Dungeon)
  7973 | D:6      | Reached skill level 10 in Transmutations
  8452 | D:7      | Found a staircase to the Ecumenical Temple.
  8464 | Temple   | Entered the Ecumenical Temple
  8498 | Temple   | Became a worshipper of Ashenzari the Shackled
  8817 | Temple   | Fell from the grace of Ashenzari
  8817 | Temple   | Became a worshipper of Makhleb the Destroyer
  8912 | D:8      | You fall through a shaft!
  9518 | D:8      | Found a snail-covered altar of Cheibriados.
  9883 | D:8      | Quit the game

Vault maps used:
D:1:      sevenhm_arrival_forest_fort_small_3
D:3:      first_bread, nemelex_altar_shiori
D:4:      nicolae_ru_sacrificial_ziggurat, uniq_grinder
D:5:      enter_ossuary_3, kennysheep_donut, uniq_eustachio
D:6:      kennysheep_generic_room_14, uniq_sigmund
D:7:      lemuel_round_altar, temple_fountains, serial_bayou_lagoon_b
D:8:      due_megacathedral, basic_altar
D:9:      minmay_quarter_circles
Temple:   grunt_circular_temple_18
Ossuary:  ossuary_boxes_badplayer

Action                   |  1- 3 |  4- 6 |  7- 9 || total
-------------------------+-------+-------+-------++-------
Melee: Unarmed           |   145 |   156 |   558 ||   859
       Blowgun           |       |       |     2 ||     2
 Fire: Blowgun           |       |    28 |     1 ||    29
       Hunting sling     |       |       |     5 ||     5
Throw: Stone             |       |     7 |       ||     7
       Tomahawk          |       |     2 |       ||     2
 Cast: Beastly Appendage |    27 |    15 |    50 ||    92
       Sticks to Snakes  |     3 |       |     3 ||     6
       Spider Form       |       |     4 |     4 ||     8
       Ice Form          |       |       |     4 ||     4
       Blade Hands       |       |       |    13 ||    13
 Abil: Breathe Lightning |       |       |     2 ||     2
       End Transformatio |       |       |     2 ||     2
Evoke: Deck              |       |       |     1 ||     1
  Use: Scroll            |     5 |     2 |    12 ||    19
       Potion            |       |     4 |       ||     4
 Stab: Sleeping          |     2 |     1 |     2 ||     5
  Eat: Chunk             |     3 |     8 |    17 ||    28
       Pizza             |       |     1 |       ||     1
       Meat ration       |       |       |     2 ||     2
